 Dungeon Sprint DCSS version 0.26.0-16-gc1dbca0489 (webtiles) character file.

Game seed: 10529718445132718973

895 Monica the Shield-Bearer (level 7, 0/60 HPs)
             Began as a Demonspawn Fighter on Jan 21, 2021.
             Was a Believer of Qazlal.
             Drowned by a water nymph (shapeshifter) (10 damage)
             ... in the Dungeon (Sprint IX: "|||||||||||||||||||||||||||||").
             The game lasted 00:01:47 (462 turns).

Monica the Shield-Bearer (Demonspawn Fighter)        Turns: 462, Time: 00:01:47

Health: 0/60       AC: 12    Str: 18    XL:     7   Next: 78%
Magic:  3/12       EV: 10    Int: 10    God:    Qazlal [**....]
Gold:   0          SH: 14    Dex: 17    Spells: 6/6 levels left

rFire    . . .     SeeInvis .   o - +2 rapier of the Past {venom, *Noise rElec rPois Dex+2}
rCold    + . .     Faith    .   c - +0 kite shield
rNeg     . . .     Spirit   .   r - +1 chain mail
rPois    +         Reflect  .   (no helmet)
rElec    +         Harm     .   q - +0 cloak
rCorr    .         Rampage  .   (no gloves)
Will     .....     NoTele   +   (no boots)
Stlth    ..........             (no amulet)
HPRegen  0.20/turn              s - +3 ring of dexterity
MPRegen  0.13/turn              t - +2 ring of evasion

@: very slow
A: talons 1, cold resistance 1, spiny 1
a: Renounce Religion, Upheaval


You were in the Dungeon.
You worshipped Qazlal.
Qazlal was pleased with you.
You visited 1 branch

Inventory:

Hand Weapons
 a - a +0 long sword
 o - the +2 rapier of the Past (weapon) {venom, *Noise rElec rPois Dex+2}
   (You found it in the Dungeon)

   It poisons the flesh of those it strikes.
   It affects your dexterity (+2).
   It insulates you from electricity.
   It protects you from poison.
   It may make noises in combat.
 p - a +2 scimitar of flaming
Armour
 b - a +0 scale mail
 c - a +0 kite shield (worn)
 q - a +0 cloak (worn)
 r - a +1 chain mail (worn)
Jewellery
 s - a +3 ring of dexterity (left hand)
 t - a +2 ring of evasion (right hand)
Wands
 n - a wand of iceblast (10)
Scrolls
 j - 2 scrolls of blinking
 l - 3 scrolls of remove curse
 m - 2 scrolls of amnesia
Potions
 d - a potion of might
 e - 5 potions of curing
 f - a potion of invisibility
 g - a potion of haste
 h - 4 potions of magic
 i - a potion of berserk rage
 k - 2 potions of heal wounds


   Skills:
 + Level 7.1 Fighting
 + Level 4.8(6.8) Short Blades
 + Level 7.3(8.0) Long Blades
 + Level 6.7 Armour
 + Level 4.0 Dodging
 + Level 7.7 Shields
 * Level 7.6 Invocations


You had 6 spell levels left.
You didn't know any spells.
Your spell library was empty.

Dungeon Overview and Level Annotations

Branches:
Dungeon (1/1)

Altars:
Cheibriados
Dithmenos
Elyvilon
Fedhas
Gozag
Hepliaklqana
Kikubaaqudgha
Makhleb
Nemelex Xobeh
Okawaru
Qazlal
Ru
Sif Muna
Trog
Uskayaw
Vehumet
Wu Jian
Xom
Yredelemnul
Zin
The Shining One
Beogh
Jiyva
Lugonu


Innate Abilities, Weirdness & Mutations

You have sharp toenails.
Your flesh is cold resistant. (rC+)
You are partially covered in sharp spines.


Message History

You puncture the water nymph! You claw the water nymph.
The water nymph is heavily wounded.
The water nymph is struck by your spines.
The water nymph touches you. The water nymph drowns you!
* * * LOW HITPOINT WARNING * * *
You hit the water nymph but do no damage.
The water nymph is poisoned.
Your kick misses the water nymph.
The water nymph is severely wounded.
You block the water nymph's attack.
Splash!
You fall into the shallow water.
Moving in this stuff is going to be slow.
Splash!
You fall into the shallow water.
Moving in this stuff is going to be slow.
You hit the water nymph.
The water nymph looks as sick as possible!
The water nymph is severely wounded.
The water nymph touches you. The water nymph drowns you!
You die... ▓▓▓▓▓▓▓▓▓▓▓▓▓▓▓▓▓▓▓▓▓▓▓▓▓▓ _'..).[...e†....@m≈(≈....+ ▓▓▓▓▓▓▓▓▓▓▓▓▓▓▓▓▓▓▓▓▓▓▓▓▓▓

You could see a deep elf mage and a water nymph shaped shifter (extremely poisoned).

Vanquished Creatures
  A cyclops (D)
  A hornet (D)
  A phantom (D)
  2 bullfrogs (D)
  A killer bee (D)
  A howler monkey (D)
  A hound (D)
  A worker ant (D)
  An ufetubus (D)
  An adder skeleton (D)
  A leopard gecko (D)
  3 bat zombies (D)
  A goblin (D)
  A hobgoblin (D)
  A jackal (D)
  A jackal skeleton (D)
  A rat (D)
20 creatures vanquished.

Notes
Turn   | Place    | Note
-------+----------+-------------------------------------------
     0 | D        | Monica the Demonspawn Fighter began the quest for the Orb.
     0 | D        | Reached XP level 1. HP: 18/18 MP: 1/1
   133 | D        | Noticed a hound
   133 | D        | Noticed a worker ant
   145 | D        | Gained mutation: You are partially covered in sharp spines.
                  | [demonic ancestry]
   145 | D        | Reached XP level 2. HP: 25/25 MP: 2/2
   151 | D        | Reached XP level 3. HP: 26/31 MP: 3/3
   159 | D        | Reached skill level 1 in Dodging
   161 | D        | Gained mutation: Your flesh is cold resistant. (rC+)
                  | [demonic ancestry]
   161 | D        | Reached XP level 4. HP: 20/38 MP: 4/4
   313 | D        | Found a roughly hewn altar of Beogh.
   313 | D        | Found a snail-covered altar of Cheibriados.
   313 | D        | Found a shadowy altar of Dithmenos.
   313 | D        | Found a white marble altar of Elyvilon.
   313 | D        | Found a blossoming altar of Fedhas.
   313 | D        | Found an opulent altar of Gozag.
   314 | D        | Found a hazy altar of Hepliaklqana.
   315 | D        | Found a viscous altar of Jiyva.
   316 | D        | Found an ancient bone altar of Kikubaaqudgha.
   317 | D        | Found a corrupted altar of Lugonu.
   318 | D        | Found a burning altar of Makhleb.
   319 | D        | Found a sparkling altar of Nemelex Xobeh.
   320 | D        | Found an iron altar of Okawaru.
   321 | D        | Found a stormy altar of Qazlal.
   322 | D        | Found a sacrificial altar of Ru.
   323 | D        | Found a shimmering blue altar of Sif Muna.
   324 | D        | Found a bloodstained altar of Trog.
   325 | D        | Found a hide-covered altar of Uskayaw.
   326 | D        | Found a radiant altar of Vehumet.
   327 | D        | Found an ornate altar of the Wu Jian Council.
   328 | D        | Found a shimmering altar of Xom.
   329 | D        | Became a worshipper of Qazlal Stormbringer
   330 | D        | Found a basalt altar of Yredelemnul.
   331 | D        | Found a glowing silver altar of Zin.
   332 | D        | Found a glowing golden altar of the Shining One.
   348 | D        | Got the +2 rapier of the Past {venom, *Noise rElec rPois
                  | Dex+2}
   381 | D        | Noticed a bullfrog
   381 | D        | Noticed a phantom
   381 | D        | Noticed a hornet
   384 | D        | Killed a bullfrog
   385 | D        | Reached skill level 5 in Fighting
   385 | D        | Reached skill level 5 in Shields
   387 | D        | Reached skill level 5 in Long Blades
   387 | D        | Reached skill level 5 in Armour
   387 | D        | Reached XP level 5. HP: 46/46 MP: 5/5
   391 | D        | Reached * piety under Qazlal
   398 | D        | Killed a hornet
   399 | D        | Reached skill level 5 in Invocations
   399 | D        | Gained mutation: You have sharp toenails. [demonic
                  | ancestry]
   399 | D        | Reached XP level 6. HP: 50/53 MP: 5/9
   420 | D        | Reached ** piety under Qazlal
   438 | D        | Noticed a cyclops
   438 | D        | Noticed a deep elf mage
   438 | D        | Noticed a manticore
   439 | D        | Noticed a sea snake
   439 | D        | a manticore changed into a sea snake
   444 | D        | Noticed a water nymph
   444 | D        | a sea snake changed into a water nymph
   449 | D        | Killed a cyclops
   450 | D        | Reached XP level 7. HP: 60/60 MP: 10/12
   462 | D        | Drowned by a water nymph (shapeshifter)

Illustrated notes

Levels and vault maps discovered:
D:        linesprint [early_d, line_temple, items_1, d_10, items_2, lair_1,
          lair_end, items_3, orc_1, orc_end, items_4, d_15, swamp_1, shoals_1,
          snake_1, spider_1, d_20, vaults_1, items_5, swamp_end, shoals_end,
          snake_end, spider_end, vaults_end, d_27, items_6, zot_1, zot_end,
          crypt_end, forest_end, elf_end, slime_end, tomb_end, abyss_end,
          pan_hell_end]

Skill      XL: |  1  2  3  4  5  6  7 |
---------------+----------------------+-----
Armour         | 3 4 5 6 |  6.7
Shields        | 3 4 5 6 7 |  7.7
Long Blades    | 2 3 5 6 7 |  7.3
Fighting       | 4 5 6 7 |  7.1
Dodging        | 1 2 3 4 |  4.0
Invocations    | 5 7 |  7.6
Short Blades   | 2 4 |  4.8

Action                   |  1- 3 |  4- 6 |  7- 9 || total
-------------------------+-------+-------+-------++-------
Melee: Long sword        |    43 |     1 |       ||    44
       Rapier            |       |    40 |     9 ||    49
       Kick              |       |     9 |     2 ||    11
Invok: Upheaval          |       |       |     2 ||     2
  Use: Potion            |     1 |       |       ||     1
Armor: Scale mail        |    21 |       |       ||    21
       Chain mail        |       |    10 |     7 ||    17
Dodge: Dodged            |    17 |     9 |     1 ||    27
Block: Kite shield       |    33 |    24 |     5 ||    62
       Rpst.: Long sword |     4 |       |       ||     4
